 Dungeon Crawl Stone Soup version 0.22.1-1-ga44c0e5 (webtiles) character file.

1035 Harpaggios the Insei (level 8, 0/60 HPs)
             Began as a Gnoll Transmuter on Oct 17, 2018.
             Was an Initiate of Sif Muna.
             Slain by a centaur
             ... wielding a cursed -3 shortbow
              (6 damage)
             ... on level 7 of the Dungeon.
             The game lasted 00:29:41 (5637 turns).

Harpaggios the Insei (Gnoll Transmuter)             Turns: 5637, Time: 00:29:41

Health: 0/60       AC:  8    Str: 12    XL:     8   Next: 24%
Magic:  15/16      EV: 20    Int: 18    God:    Sif Muna [......]
Gold:   330        SH:  0    Dex: 16    Spells: 15/18 levels left

rFire    . . .     SeeInvis .     - Unarmed
rCold    . . .     Gourm    .   (no shield)
rNeg     . . .     Faith    .   b - +1 robe
rPois    .         Spirit   .   (no helmet)
rElec    .         Reflect  .   (no cloak)
rCorr    .         Harm     .   (no gloves)
MR       .....                  (boots currently unavailable)
Stlth    ++........             (no amulet)
HPRegen  0.20/turn              c - +4 ring of evasion
MPRegen  0.15/turn              g - +5 ring of protection

@: appendage
A: distributed training, fangs 1, talons 3, wild magic 1, sturdy frame 1, strong
nose
a: End Transformation, Renounce Religion


You were on level 7 of the Dungeon.
You worshipped Sif Muna.
Sif Muna was noncommittal.
You were not hungry.
You had grown temporary talons.
You visited 2 branches of the dungeon, and saw 8 of its levels.

You collected 330 gold pieces.

Inventory:

Missiles
 a - 83 arrows
Armour
 b - a +1 robe (worn)
Jewellery
 c - a +4 ring of evasion (left hand)
 e - an uncursed ring of protection from cold
 g - a +5 ring of protection (right hand)
 k - an uncursed ring of see invisible
 t - an uncursed ring of resist corrosion
Wands
 l - a wand of flame (24)
 m - a wand of acid (12)
Scrolls
 f - 4 scrolls of amnesia
 i - 2 scrolls of enchant weapon
 p - a scroll of teleportation
 r - a scroll of fog
 s - a scroll of remove curse
 u - a scroll of magic mapping
Potions
 h - a potion of agility
 j - a potion of mutation
 n - a potion of curing
 o - a potion of resistance
Comestibles
 d - 11 rations


   Skills:
 + Level 4.0 Fighting
 + Level 3.0 Short Blades
 + Level 3.0 Long Blades
 + Level 3.0 Axes
 + Level 3.0 Maces & Flails
 + Level 3.0 Polearms
 + Level 3.0 Staves
 + Level 3.0 Slings
 + Level 3.0 Bows
 + Level 3.0 Crossbows
 + Level 3.0 Throwing
 + Level 3.0 Armour
 + Level 5.5 Dodging
 + Level 3.0 Stealth
 + Level 3.0 Shields
 + Level 7.2 Unarmed Combat
 + Level 5.9 Spellcasting
 + Level 2.4 Conjurations
 + Level 2.4 Hexes
 + Level 2.4 Charms
 + Level 2.4 Summonings
 + Level 2.4 Necromancy
 + Level 2.4 Translocations
 + Level 4.5 Transmutations
 + Level 2.4 Fire Magic
 + Level 2.4 Ice Magic
 + Level 2.4 Air Magic
 + Level 2.4 Earth Magic
 + Level 2.4 Poison Magic
 + Level 3.3 Invocations
 + Level 3.0 Evocations


You had 15 spell levels left.
You knew the following spells:

 Your Spells              Type           Power        Failure   Level  Hunger
a - Beastly Appendage     Tmut           ####..       3%          1    None
b - Sticks to Snakes      Tmut           ####....     4%          2    None

Your spell library contained the following spells:

 Spells                   Type           Power        Failure   Level  Hunger
 Spider Form              Tmut/Pois      ###.......   13%         3    ##.....
 Ice Form                 Ice/Tmut       ###.....     36%         4    ####...
 Blade Hands              Tmut           ####......   54%         5    #####..


Dungeon Overview and Level Annotations

Branches:
Dungeon (7/15)             Temple (1/1) D:6

Altars:
Ashenzari
Cheibriados
Dithmenos
Elyvilon
Gozag
Kikubaaqudgha
Nemelex Xobeh
Okawaru
Qazlal
Sif Muna
Trog
Zin
The Shining One
Beogh

Shops:
D:5 (

Annotations:
D:5 2 transporters
D:6 2 exclusions, Lavandula's ghost, novice CeBe


Innate Abilities, Weirdness & Mutations

Your experience applies equally to all skills.
You have very sharp teeth.
Your uncanny sense of smell can sniff out nearby items.
You have claws for feet.
Your spells are a little harder to cast, but a little more powerful.
Your movements are slightly less encumbered by armour. (ER -2)


Message History

The centaur shouts!
The centaur wields a runed shortbow.
The centaur shoots an arrow.
The arrow closely misses you.
The centaur shoots an arrow.
The arrow hits you!
* * * LOW HITPOINT WARNING * * *
Things that are here:
an arrow; a battleaxe; a chain mail You punch the centaur!
Your kick misses the centaur. You bite the centaur, but do no damage.
The centaur is heavily wounded.
The centaur hits you but does no damage.
You punch the centaur!
The centaur is severely wounded.
The centaur completely misses you.
You hit the centaur but do no damage. You claw the centaur, but do no damage.
The centaur is severely wounded.
The centaur hits you with an enchanted shortbow.
* * * LOW HITPOINT WARNING * * *
The centaur hits you with an enchanted shortbow.
You die...

#.# #. #.#
## #.# #.#
... .. #.#
##.##.###
#.#
.......#
#S# .....#
#.#
#.#.#####.#
#($.c@(..)#
###)#######
#.# #.#
###.###c#
.......รท#
#####.#.#
#.#.# # #.#


You could see a centaur.

Vanquished Creatures
  An orc warrior (D:7)
  An ogre (D:5)
  A centaur (D:7)
  A bullfrog (D:6)
  A howler monkey (D:5)
  A crimson imp (D:6)
  A jelly (D:6)
  3 hounds (D:6)
  A centaur skeleton (D:5)
  2 orc wizards (D:4)
  2 iguanas (D:6)
  4 worker ants
  A hound skeleton (D:4)
  A howler monkey zombie (D:6)
  5 adders
  A howler monkey skeleton (D:7)
  2 oozes
  3 worms (D:2)
  2 dart slugs
  6 leopard geckos
  10 orcs
  7 bats
  4 giant cockroaches
  7 goblins
  7 hobgoblins
  4 jackals
  3 quokkas
  2 ball pythons (D:4)
  A ball python skeleton (D:6)
  7 frilled lizards
  A giant cockroach zombie (D:5)
  10 kobolds
  A quokka skeleton (D:5)
  10 rats
114 creatures vanquished.

Vanquished Creatures (collateral kills)
  An ogre (D:5)
  2 orc priests
  A bullfrog skeleton (D:4)
  An orc wizard (D:7)
  5 orcs
10 creatures vanquished.

Grand Total: 124 creatures vanquished

Notes
Turn   | Place    | Note
-------+----------+-------------------------------------------
     0 | D:1      | Harpaggios the Gnoll Transmuter began the quest for the
                  | Orb.
     0 | D:1      | Reached XP level 1. HP: 17/17 MP: 6/6
    96 | D:1      | Reached XP level 2. HP: 19/23 MP: 7/7
   100 | D:1      | Learned a level 2 spell: Sticks to Snakes
   477 | D:1      | Reached XP level 3. HP: 21/28 MP: 9/9
   635 | D:1      | Gained mutation: Scrolls take you a little longer to read.
                  | [potion of mutation]
   635 | D:1      | Gained mutation: Your spells are a little harder to cast,
                  | but a little more powerful. [potion of mutation]
   635 | D:1      | Lost mutation: Scrolls take you a little longer to read.
                  | [potion of mutation]
   635 | D:1      | Gained mutation: Your movements are slightly less
                  | encumbered by armour. (ER -2) [potion of mutation]
   833 | D:2      | Reached skill level 5 in Spellcasting
   908 | D:2      | Reached skill level 1 in Invocations
   988 | D:2      | Reached skill level 1 in Short Blades
   988 | D:2      | Reached skill level 1 in Long Blades
   988 | D:2      | Reached skill level 1 in Axes
   988 | D:2      | Reached skill level 1 in Maces & Flails
   988 | D:2      | Reached skill level 1 in Polearms
   988 | D:2      | Reached skill level 1 in Staves
   988 | D:2      | Reached skill level 1 in Slings
   988 | D:2      | Reached skill level 1 in Bows
   988 | D:2      | Reached skill level 1 in Crossbows
   988 | D:2      | Reached skill level 1 in Throwing
   988 | D:2      | Reached skill level 1 in Armour
   988 | D:2      | Reached skill level 1 in Stealth
   988 | D:2      | Reached skill level 1 in Shields
   988 | D:2      | Reached skill level 1 in Evocations
   991 | D:2      | Reached XP level 4. HP: 28/34 MP: 11/11
  1620 | D:2      | Reached skill level 1 in Conjurations
  1620 | D:2      | Reached skill level 1 in Hexes
  1620 | D:2      | Reached skill level 1 in Charms
  1620 | D:2      | Reached skill level 1 in Summonings
  1620 | D:2      | Reached skill level 1 in Necromancy
  1620 | D:2      | Reached skill level 1 in Translocations
  1620 | D:2      | Reached skill level 1 in Fire Magic
  1620 | D:2      | Reached skill level 1 in Ice Magic
  1620 | D:2      | Reached skill level 1 in Air Magic
  1620 | D:2      | Reached skill level 1 in Earth Magic
  1620 | D:2      | Reached skill level 1 in Poison Magic
  1925 | D:3      | Found a bloodstained altar of Trog.
  1958 | D:3      | Reached XP level 5. HP: 40/40 MP: 12/12
  2812 | D:4      | Reached XP level 6. HP: 47/47 MP: 11/13
  3237 | D:4      | Reached skill level 5 in Dodging
  3307 | D:5      | Entered Level 5 of the Dungeon
  3557 | D:5      | Reached XP level 7. HP: 28/52 MP: 10/15
  3754 | D:5      | Found Wesiet's Antique Weapon Shop.
  3827 | D:5      | Reached skill level 7 in Unarmed Combat
  3852 | D:5      | Found a transporter.
  3860 | D:5      | Found a transporter.
  4700 | D:6      | Found a runed gate.
  4701 | D:6      | Found a runed gate.
  4701 | D:6      | Noticed Lavandula's ghost (novice CeBe)
  4702 | D:6      | Found a runed gate.
  4717 | D:6      | Found a roughly hewn altar of Beogh.
  5084 | D:6      | Found a staircase to the Ecumenical Temple.
  5093 | Temple   | Entered the Ecumenical Temple
  5164 | Temple   | Became a worshipper of Sif Muna the Loreminder
  5283 | D:6      | Reached XP level 8. HP: 60/60 MP: 16/16
  5637 | D:7      | Slain by a centaur

Skill      XL: |  1  2  3  4  5  6  7  8 |
---------------+-------------------------+-----
Spellcasting   | 5 |  5.9
Invocations    | 1 2 3 |  3.3
Short Blades   | 1 2 3 |  3.0
Long Blades    | 1 2 3 |  3.0
Axes           | 1 2 3 |  3.0
Maces & Flails | 1 2 3 |  3.0
Polearms       | 1 2 3 |  3.0
Staves         | 1 2 3 |  3.0
Slings         | 1 2 3 |  3.0
Bows           | 1 2 3 |  3.0
Crossbows      | 1 2 3 |  3.0
Throwing       | 1 2 3 |  3.0
Armour         | 1 2 3 |  3.0
Stealth        | 1 2 3 |  3.0
Shields        | 1 2 3 |  3.0
Evocations     | 1 2 3 |  3.0
Conjurations   | 1 2 |  2.4
Hexes          | 1 2 |  2.4
Charms         | 1 2 |  2.4
Summonings     | 1 2 |  2.4
Necromancy     | 1 2 |  2.4
Translocations | 1 2 |  2.4
Fire Magic     | 1 2 |  2.4
Ice Magic      | 1 2 |  2.4
Air Magic      | 1 2 |  2.4
Earth Magic    | 1 2 |  2.4
Poison Magic   | 1 2 |  2.4
Fighting       | 3 4 |  4.0
Transmutations | 4 |  4.5
Dodging        | 5 |  5.5
Unarmed Combat | 7 |  7.2

Action                   |  1- 3 |  4- 6 |  7- 9 || total
-------------------------+-------+-------+-------++-------
Melee: Unarmed           |   102 |   187 |   108 ||   397
       Bite              |     7 |    14 |    12 ||    33
       Punch             |     5 |     3 |     2 ||    10
       Headbutt          |     6 |     3 |     2 ||    11
       Kick              |       |    14 |    20 ||    34
 Cast: Beastly Appendage |     6 |     7 |     8 ||    21
       Sticks to Snakes  |       |     3 |    21 ||    24
Evoke: Wand              |       |     4 |       ||     4
  Use: Potion            |     5 |     4 |     2 ||    11
       Scroll            |     3 |     9 |     1 ||    13
 Stab: Sleeping          |       |     6 |     3 ||     9
       Distracted        |       |       |     1 ||     1
  Eat: Chunk             |       |     9 |     6 ||    15
Armor: Robe              |    25 |    33 |    15 ||    73
Dodge: Dodged            |    63 |   127 |    69 ||   259
